 Dungeon Crawl Stone Soup version 0.30.0-17-ge0270778cf (webtiles) character file.

Game seed: 8929460412936988768

81562 flt the Warrior (level 16, -3/127 HPs)
             Began as a Djinni Fire Elementalist on May 17, 2023.
             Was a High Priest of Nemelex Xobeh.
             Killed by an exploding ball lightning (27 damage)
             ... on level 12 of the Dungeon on May 21, 2023.
             The game lasted 01:15:29 (28483 turns).

flt the Warrior (Djinni Fire Elementalist)         Turns: 28483, Time: 01:15:30

Health: -3/127     AC:  8    Str:  7    XL:     16   Next: 18%
Gold:   1078       EV: 37    Int: 29    God:    Nemelex Xobeh [*****.] SH:  0 Dex: 14

rFire   + + +        a - staff of fire "Tong" {rF+ Int+4}
rCold   . . .        (no shield)
rNeg    . . .        K - +3 leather armour {Will+}
rPois   ∞            D - +0 helmet of Caer {rF+ Stlth+}
rElec   .            u - +0 cloak
rCorr   .            (no gloves)
SInv    .            (boots unavailable)
Will    ++...        f - amulet of the acrobat
Stlth   +++          H - +5 ring of evasion
HPRegen 0.41/turn    I - ring of ice
MPRegen 0.00/turn

%: acrobat, infuse magic (-4 HP)
@: acrobatic, flying
A: sickness immunity, fire resistance 2, cold vulnerability 1, float, innate
caster, HP casting, extra vitality 1
a: Renounce Religion, Draw Escape, Draw Destruction, Draw Summoning, Triple
Draw, Deal Four, Stack Five


You were on level 12 of the Dungeon.
You worshipped Nemelex Xobeh.
Nemelex Xobeh was extremely pleased with you.
You visited 3 branches of the dungeon, and saw 18 of its levels.

You collected 1078 gold pieces.

Inventory:

Hand Weapons
 b - the +12 pair of quick blades "Gyre" and "Gimble" {protect}
   (You found it on level 9 of the Dungeon)
 g - a +2 whip of freezing
 E - a +0 sling of draining
 O - a +5 falchion of freezing
Missiles
 l - 35 poisoned darts
 p - 2 throwing nets
 A - 5 curare-tipped darts
Armour
 u - a +0 cloak (worn)
 D - the +0 helmet of Caer (worn) {rF+ Stlth+}
   (You found it on level 3 of the Lair of Beasts)

   rF:        It protects you from fire.
   Stlth:     It makes you more stealthy.
 K - a +3 leather armour of willpower (worn)
Magical Staves
 a - the staff of fire "Tong" (weapon) {rF+ Int+4}
   (You acquired it on level 7 of the Dungeon)

   [staff of fire]

   Your inability to study Fire Magic prevents you from drawing on the full
   power of this staff in melee.
   Base accuracy: +5 Base damage: 5 Base attack delay: 1.2 This weapon's minimum
   attack delay (0.6) is reached at skill level 12.
   Int:       It affects your intelligence (+4).
   rF:        It protects you from fire.
   It falls into the 'Staves' category.
   It is a one-handed weapon.
Jewellery
 f - an amulet of the acrobat (around neck)
 F - a +6 ring of dexterity
 H - a +5 ring of evasion (left hand)
 I - a ring of ice (right hand)
 N - a +5 ring of evasion
 Q - a ring of fire
 R - a ring of see invisible
 W - a ring of fire
 X - a ring of positive energy
Wands
 n - a wand of flame (40)
 s - a wand of quicksilver (11)
 v - a wand of roots (13)
 y - a wand of charming (24)
 C - a wand of polymorph (5)
Scrolls
 e - a scroll of blinking
 h - a scroll of enchant weapon
 i - 4 scrolls of fear
 m - 3 scrolls of identify
 q - 4 scrolls of torment
 t - 4 scrolls of enchant armour
 J - a scroll of poison
 L - 9 scrolls of teleportation
 M - 3 scrolls of immolation
 S - a scroll of summoning
 T - a scroll of magic mapping
 U - a scroll of brand weapon
Potions
 c - 3 potions of resistance
 d - 3 potions of curing
 j - 6 potions of attraction
 k - 5 potions of berserk rage
 o - a potion of ambrosia
 r - a potion of invisibility
 w - 2 potions of mutation
 z - 5 potions of brilliance
 B - 2 potions of heal wounds
 G - 3 potions of might
 P - 3 potions of cancellation
Miscellaneous
 x - a lightning rod (4/4)
 V - a phantom mirror


   Skills:
 * Level 15.7 Fighting
 - Level 4.0 Armour
 + Level 13.5 Dodging
 - Level 1.5 Stealth
 * Level 13.7 Spellcasting
 + Level 7.5 Invocations


You knew the following spells:

 Your Spells              Type           Power      Damage    Failure   Level
a - Foxfire               Conj/Fire      100%       2x1d9     0%          1
b - Scorch                Fire           100%       2d9       1%          2
c - Volatile Blastmotes   Fire/Tloc      100%       2d18      1%          3
d - Inner Flame           Hex/Fire       99%        N/A       1%          3
e - Summon Ice Beast      Ice/Summ       99%        N/A       1%          4
f - Fireball              Conj/Fire      49%        3d19      1%          5
g - Wereblood             Tmut           78%        N/A       1%          2
h - Swiftness             Air            78%        N/A       1%          3
i - Blade Hands           Tmut           39%        N/A       1%          5
j - Shock                 Conj/Air       100%       1d9       0%          1
k - Conjure Ball Lightni  Conj/Air       39%        3x3d13    1%          6
w - Flame Wave            Conj/Fire      99%        2d21      1%          4
Your spell library was empty.

Dungeon Overview and Level Annotations

Branches:
Dungeon (12/15)            Temple (1/1) D:4            Lair (5/5) D:8
 Shoals (0/4) Lair:3       Spider (0/4) Lair:2        Slime (0/5) Lair:5
    Orc (0/2) D:10

Altars:
Cheibriados
Fedhas
Makhleb
Nemelex Xobeh
Qazlal
Ru
Trog
Uskayaw
Wu Jian
Yredelemnul
Zin
The Shining One
Jiyva

Shops:
D:1 :   D:7 (

Annotations:
D:1 2 transporters
D:7 2 transporters, micdi's ghost, novice DrAE
D:10 2 transporters, fedoskokos's ghost, journeyman HOFi
Lair:5 1 runed translucent door


Innate Abilities, Weirdness & Mutations

You are immune to sickness and miasma.
You are immune to poison.
Your flesh is very heat resistant. (rF++)
You are vulnerable to cold. (rC-)
You float through the air rather than walking.
You learn spells naturally, not from books.
Your magical power is your life essence.
You have superior vitality. (+4 MHP)


Message History

Unknown command.
Casting: Scorch (safe; 1% risk of failure)
Confirm with . or Enter, or press ? or * to list all spells.
You feel a surge of power!
Flames lash the slime creature.
The slime creature is burned terribly!
The slime creature is heavily wounded.
The slime creature closely misses you.
Unknown command.
Casting: Scorch (safe; 1% risk of failure)
Confirm with . or Enter, or press ? or * to list all spells.
You create some ball lightning! 3 ball lightnings come into view.
The slime creature closely misses you.
The slime creature attacks as you move away!
The slime creature hits you!
Your ball lightning explodes!
The blast of lightning engulfs your ball lightning.
Your ball lightning completely resists.
The blast of lightning engulfs the slime creature!
The slime creature is heavily wounded.
The blast of lightning engulfs the slime creature!!
The slime creature is almost dead.
The blast of lightning engulfs your ball lightning.
Your ball lightning completely resists.
The blast of lightning engulfs the slime creature!!
You kill the slime creature!
The blast of lightning engulfs you!
Your ball lightning explodes!
The blast of lightning engulfs the slime creature!
You kill the slime creature!
The blast of lightning engulfs you!!
* * * LOW HITPOINT WARNING * * *
The blast of lightning engulfs the slime creature!!
The slime creature is almost dead.
The blast of lightning engulfs your ball lightning.
Your ball lightning completely resists.
Your ball lightning explodes!
The blast of lightning engulfs you!!
You die...
Your body glows with a rainbow of weird colours and disappears.

..#.......####...#####''####.....
###..........#...#...............
#............#...#....#.........[
#............#...#....###########
#............###.#..............#
#..............#.#..............#
#..............#.#.........<....'
#..............#.###............#
#..............#@..#.........[..#
#..............'...#..#######'###
#..............#...#..#..........
#####..........#...#..#..........
....#..........#J..#..#..........
....############...####.########.
........................# #.
[...........J.........).# #.
..###.......J...........# #.


You could see a slime creature.

Vanquished Creatures
  Gastronok (D:8)
  Snorg (D:12)
  2 hydras
  2 boulder beetles (D:12)
  8 two-headed ogres
  12 death yaks
  2 tengu warriors (D:12)
  2 skysharks
  A fire crab (Lair:5)
  Pikel (D:7)
  2 lindwurms (Lair:5)
  An orb spider (Lair:2)
  An orc knight (D:12)
  A deep elf pyromancer (D:12)
  4 cyclopes
  12 elephants (Lair:4)
  A wolf spider (Lair:5)
  A guardian serpent (Lair:5)
  8 black mambas
  2 gargoyles
  18 cane toads
  Joseph (D:9)
  6 kobold demonologists (D:12)
  9 komodo dragons
  A rime drake (Lair:4)
  5 torpor snails (Lair:5)
  3 tengu conjurers (D:12)
  9 trolls
  12 hornets (Lair:5)
  2 polar bears
  36 blink frogs
  4 tyrant leeches (Lair:5)
  A raiju (D:12)
  6 slime creatures
  70 yaks
  2 vampires
  14 wyverns
  4 fire bats (D:11)
  A spriggan (D:9)
  A wraith (D:11)
  2 basilisks
  3 vampire mosquitoes (D:12)
  A steam dragon (D:10)
  3 redbacks (Lair:5)
  10 wargs (D:12)
  20 water moccasins
  2 hell hounds
  2 acid dragons
  Duvessa (D:6)
  13 orc warriors
  2 black bears (D:7)
  A sky beast (D:8)
  A centaur (D:7)
  An ogre (D:5)
  14 wolves
  2 lemures (D:7)
  3 phantoms
  2 kobold brigands
  9 gnoll sergeants (D:12)
  8 bullfrogs
  5 scorpions
  5 wights (D:6)
  Dowan (D:6)
  6 howler monkeys
  2 lava snakes (D:11)
  8 jellies
  3 orc priests
  Crazy Yiuf (D:7)
  3 hounds
  A sleepcap (D:3)
  Natasha (thrice) (D:3)
  7 iguanas
  A scorpion zombie (D:3)
  17 orc wizards
  13 hell rats
  A hound skeleton (D:3)
  Robin (D:4)
  4 gnolls (D:5)
  11 adders
  An adder zombie (D:3)
  3 worms
  A dart slug (D:1)
  48 orcs
  7 ball pythons
  8 bats
  7 endoplasms
  3 giant cockroaches
  12 goblins
  7 hobgoblins
  6 jackals
  18 kobolds
  A quokka (D:4)
  3 training dummies (D:7)
  2 ball python skeletons (D:3)
  4 frilled lizards
  6 rats
  3 fire vortices (D:11)
603 creatures vanquished.

Vanquished Creatures (collateral kills)
  A lindwurm (Lair:3)
  A gargoyle (D:11)
  A troll (D:11)
  An orc warrior (D:7)
  A lemure (D:7)
  2 kobold brigands
  4 orcs
  4 kobolds
  2 ball lightnings (Lair:5)
17 creatures vanquished.

Vanquished Creatures (others)
  An endoplasm (Lair:5)
  23 ball lightnings
  60 foxfires
84 creatures vanquished.

Grand Total: 704 creatures vanquished

Notes
Turn   | Place    | Note
-------+----------+-------------------------------------------
     0 | D:1      | flt the Djinni Fire Elementalist began the quest for the
                  | Orb.
     0 | D:1      | flt set off with the following spells memorised: Foxfire,
                  | Scorch, Volatile Blastmotes, Inner Flame, Flame Wave.
     0 | D:1      | Reached XP level 1. HP: 15/15 MP: 0/0
    38 | D:1      | Found Geustish's Vocational Training.
   109 | D:1      | Reached XP level 2. HP: 18/22 MP: 0/0
   620 | D:2      | Reached skill level 1 in Fighting
   620 | D:2      | Reached XP level 3. HP: 21/27 MP: 0/0
   620 | D:2      | Learned a level 1 spell: Shock
   836 | D:2      | Reached XP level 4. HP: 11/32 MP: 0/0
  1698 | D:2      | Reached XP level 5. HP: 33/38 MP: 0/0
  1698 | D:2      | Learned a level 2 spell: Wereblood
  1831 | D:3      | Noticed a phantom
  1855 | D:3      | Killed a phantom
  1856 | D:3      | Reached skill level 2 in Fighting
  1975 | D:3      | Noticed Natasha
  2020 | D:3      | Killed Natasha
  2021 | D:3      | Reached XP level 6. HP: 28/45 MP: 0/0
  2108 | D:3      | Found a glowing golden altar of the Shining One.
  2137 | D:3      | Noticed Natasha
  2179 | D:3      | Killed Natasha
  2399 | D:3      | Noticed Natasha
  2406 | D:3      | Killed Natasha
  2657 | D:3      | Found a faded altar of an unknown god.
  2669 | D:3      | Found a sparkling altar of Nemelex Xobeh.
  2669 | D:3      | Found a transporter.
  2927 | D:3      | Became a worshipper of Nemelex Xobeh the Trickster
  3056 | D:4      | Reached XP level 7. HP: 47/49 MP: 0/0
  3056 | D:4      | Learned a level 3 spell: Swiftness
  3070 | D:4      | Found a sacrificial altar of Ru.
  3123 | D:4      | Reached skill level 3 in Fighting
  3504 | D:4      | Noticed Robin
  3529 | D:4      | Killed Robin
  4228 | D:4      | Reached * piety under Nemelex Xobeh
  4239 | D:4      | Found a staircase to the Ecumenical Temple.
  4248 | Temple   | Entered the Ecumenical Temple
  4292 | D:5      | Entered Level 5 of the Dungeon
  4314 | D:5      | Reached skill level 5 in Spellcasting
  4314 | D:5      | Reached XP level 8. HP: 46/58 MP: 0/0
  4321 | D:5      | Reached skill level 5 in Dodging
  4450 | D:5      | Reached skill level 4 in Fighting
  4845 | D:5      | Found a glowing silver altar of Zin.
  4960 | D:5      | Found a bloodstained altar of Trog.
  5067 | D:5      | Received a gift from Nemelex Xobeh
  5103 | D:5      | Found a blossoming altar of Fedhas.
  5506 | D:6      | Noticed Duvessa
  5506 | D:6      | Noticed Dowan
  5517 | D:6      | Killed Duvessa
  5523 | D:6      | Killed Dowan
  5524 | D:6      | Reached XP level 9. HP: 7/64 MP: 0/0
  5524 | D:6      | Learned a level 4 spell: Summon Ice Beast
  5778 | D:6      | Reached skill level 5 in Fighting
  6145 | D:6      | Found a basalt altar of Yredelemnul.
  6145 | D:6      | Noticed a troll
  6153 | D:6      | Killed a troll
  6204 | D:6      | You are sucked into a shaft and drop 1 floor!
  6208 | D:7      | Noticed Pikel
  6297 | D:7      | HP: 2/66 [Pikel/+2 whip of freezing (4)]
  6299 | D:7      | Killed Pikel
  6300 | D:7      | Reached skill level 6 in Fighting
  6311 | D:7      | Reached XP level 10. HP: 9/72 MP: 0/0
  6615 | D:7      | Identified a scroll of acquirement
  6615 | D:7      | Acquired the staff of fire "Tong" {rF+ Int+4}
  6940 | D:7      | Found Pamat's Firing Range.
  7203 | D:7      | Noticed a moth of wrath
  7213 | D:7      | Found a bloodstained altar of Trog.
  7213 | D:7      | Noticed micdi's ghost (novice DrAE)
  7224 | D:7      | Found a transporter.
  7240 | D:7      | Found a transporter.
  7314 | D:7      | Found a runed translucent door.
  7315 | D:7      | Noticed Crazy Yiuf
  7533 | D:7      | Killed Crazy Yiuf
  7583 | D:8      | Noticed Gastronok
  7583 | D:8      | Found a staircase to the Lair.
  7593 | D:8      | Killed Gastronok
  7594 | D:8      | Reached skill level 7 in Fighting
  7594 | D:8      | Reached skill level 1 in Armour
  8330 | D:8      | Reached XP level 11. HP: 54/81 MP: 0/0
  8330 | D:8      | Learned a level 5 spell: Blade Hands
  8438 | D:8      | Reached skill level 8 in Fighting
  8840 | D:9      | Noticed a two-headed ogre
  8884 | D:9      | Reached ** piety under Nemelex Xobeh
  8885 | D:9      | Noticed Joseph
  8917 | D:9      | Killed a two-headed ogre
  9020 | D:9      | Upgraded the game from 0.30.0-12-gd5a94ecb5d to
                  | 0.30.0-17-ge0270778cf
  9066 | D:9      | Killed Joseph
  9066 | D:9      | Noticed a two-headed ogre
  9067 | D:9      | Noticed a two-headed ogre
  9076 | D:9      | Killed a two-headed ogre
  9077 | D:9      | Killed a two-headed ogre
  9078 | D:9      | Reached skill level 9 in Fighting
  9360 | D:9      | Found a hide-covered altar of Uskayaw.
  9396 | D:9      | Found a stormy altar of Qazlal.
  9718 | D:9      | Found the +12 pair of quick blades "Gyre" and "Gimble"
                  | {protect}
  9769 | D:10     | Entered Level 10 of the Dungeon
  9842 | D:10     | Found a transporter.
  9847 | D:10     | Noticed fedoskokos's ghost (journeyman HOFi)
 10025 | D:10     | Found a transporter.
 10044 | D:10     | Found a staircase to the Orcish Mines.
 10049 | D:10     | Received a gift from Nemelex Xobeh
 10224 | D:10     | Noticed a two-headed ogre
 10233 | D:10     | Killed a two-headed ogre
 10428 | D:10     | Found a snail-covered altar of Cheibriados.
 10445 | D:10     | Reached XP level 12. HP: 85/91 MP: 0/0
 10831 | D:11     | Reached *** piety under Nemelex Xobeh
 10848 | D:11     | Received a gift from Nemelex Xobeh
 10861 | D:11     | Reached skill level 10 in Fighting
 10978 | D:11     | Reached skill level 10 in Spellcasting
 11170 | D:11     | Reached skill level 10 in Dodging
 11682 | D:11     | Received a gift from Nemelex Xobeh
 12134 | D:12     | Noticed a boulder beetle
 12136 | D:12     | Noticed a boulder beetle
 12162 | D:12     | Killed a boulder beetle
 12743 | Lair:1   | Entered Level 1 of the Lair of Beasts
 12766 | Lair:1   | You are sucked into a shaft and drop 1 floor!
 12790 | Lair:2   | Found a hole to the Spider Nest.
 12790 | Lair:2   | Noticed an orb spider
 12829 | Lair:2   | Reached skill level 11 in Fighting
 12953 | Lair:2   | Reached **** piety under Nemelex Xobeh
 12991 | Lair:2   | Killed an orb spider
 13207 | Lair:2   | Identified the +6 halberd of Dishonesty {venom, Str+4}
 13302 | Lair:1   | Received a gift from Nemelex Xobeh
 13811 | Lair:1   | Reached XP level 13. HP: 70/99 MP: 0/0
 13811 | Lair:1   | Learned a level 5 spell: Fireball
 14053 | Lair:1   | Received a gift from Nemelex Xobeh
 14829 | Lair:2   | Reached skill level 1 in Invocations
 14919 | Lair:2   | Noticed a six-headed hydra
 14928 | Lair:2   | Killed a six-headed hydra
 15243 | Lair:2   | Reached skill level 12 in Fighting
 15640 | Lair:3   | Found a staircase to the Shoals.
 15715 | Lair:3   | Reached ***** piety under Nemelex Xobeh
 16499 | Lair:3   | Received a gift from Nemelex Xobeh
 17599 | Lair:3   | Identified the +0 helmet of Caer {rF+ Stlth+}
 18050 | Lair:4   | Reached skill level 13 in Fighting
 18050 | Lair:4   | Reached XP level 14. HP: 62/110 MP: 0/0
 19351 | Lair:4   | Received a gift from Nemelex Xobeh
 19633 | Lair:3   | Reached skill level 5 in Invocations
 20638 | Lair:5   | Entered Level 5 of the Lair of Beasts
 20707 | Lair:5   | Reached skill level 14 in Fighting
 21584 | Lair:5   | Reached XP level 15. HP: 43/117 MP: 0/0
 21584 | Lair:5   | Learned a level 6 spell: Conjure Ball Lightning
 22302 | Lair:5   | Found a runed translucent door.
 22407 | Lair:5   | Received a gift from Nemelex Xobeh
 23081 | Lair:5   | Found a viscous altar of Jiyva.
 23081 | Lair:5   | Found a staircase to the Slime Pits.
 23213 | Lair:5   | Received a gift from Nemelex Xobeh
 23786 | Lair:5   | HP: 2/118 [spore (32)]
 24611 | Lair:5   | Reached skill level 15 in Fighting
 26340 | D:12     | Noticed Snorg
 26349 | D:12     | Killed Snorg
 27421 | D:12     | Reached XP level 16. HP: 52/126 MP: 0/0
 28422 | D:12     | Received a gift from Nemelex Xobeh
 28483 | D:12     | Killed by an exploding ball lightning

Illustrated notes

Levels and vault maps discovered:
D:1:      spicycebolla_arrival_transporter_tutorial, layout_basic,
          nicolae_shop_vocational
D:2:      layout_basic, serial_forest, infiniplex_forest_clump_small,
          infiniplex_forest_corner_1, infiniplex_forest_zigzag_1,
          infiniplex_forest_lined_2, infiniplex_forest_lined_room_3,
          infiniplex_forest_lined_room_2, guppyfry_early_lair_pool
D:3:      layout_basic, tso_metal_star, grunt_nemelex_the_gamble, serial_undead,
          serial_undead_b, serial_undead_f, serial_undead_b, serial_undead_d,
          ebering_ecumenical_altar_box, uniq_natasha
D:4:      nicolae_BIG_FREAKIN_CUBE, layout_loops_ring,
          overflow_temple_1_default, lemuel_temple_firewalk_b,
          minmay_statues_item, minmay_misc_feat_nine_boxes, st_stairs_7,
          uniq_robin
D:5:      layout_rooms, mainiacjoe_overflow_tiny_flanked,
          nicolae_overflow_hidden_temple, mainiacjoe_overflow_surrounded_room
D:6:      layout_rooms, chequers_temple_overflow_statue_of_worship, uniq_duvessa
D:7:      layout_cave_pools, gammafunk_ghost_wrathful_warriors,
          nicolae_shop_firing_range, uniq_pikel, uniq_crazy_yiuf_cottage
D:8:      layout_loops_cross, lair_entry_dummy, uniq_gastronok
D:9:      layout_cave_pools, nicolae_qazlal_style_of_elements,
          mainiacjoe_overflow_24_doors, serial_glass, glass_columns_b,
          glass_columns_c, hellmonk_guarded_unrand_gyre_and_gimble, uniq_joseph
D:10:     layout_long_grid, lemuel_tele_altar, gammafunk_ghost_stat_death
D:11:     layout_rooms, minivault_25, hangedman_incinerator
D:12:     lemuel_castle_with_subvaults [lemuel_castle_interior_carwin_1],
          layout_irregular_city, kennysheep_generic_room_7, uniq_snorg
Temple:   nicolae_temple_bog_church
Lair:1:   layout_concentric_octagons
Lair:2:   layout_regular_city, nicolae_spider_entry_orb_guardian,
          grunt_megastairs_4, serial_bayou_shore_a
Lair:3:   layout_layer_cave, shoals_dummy_entry, serial_bayou_shore_b
Lair:4:   layout_hall_layers
Lair:5:   hangedman_lair_tendril_chambers, layout_concentric_octagons, wormcave,
          nicolae_slime_entry_slimehenge

Skill      XL: |  1  2  3  4  5  6  7  8  9 10 11 12 13 14 15 |
---------------+----------------------------------------------+-----
Fighting       | 1 2 3 4 6 7 9 11 13 14 15 | 15.7
Spellcasting   | 3 4 5 6 7 8 9 10 11 12 13 | 13.7
Dodging        | 3 4 6 7 8 9 10 11 12 13 | 13.5
Armour         | 2 4 |  4.0
Invocations    | 3 5 7 |  7.5
Stealth        | |  1.5

Action                     |  1- 3 |  4- 6 |  7- 9 | 10-12 | 13-15 | 16-18 || total
---------------------------+-------+-------+-------+-------+-------+-------++-------
  Melee: Short sword       |     2 |       |     1 |       |       |       ||     3
         Dagger            |       |       |     6 |       |       |       ||     6
         Falchion          |       |       |    12 |       |       |       ||    12
         Punch             |       |       |     1 |     1 |       |       ||     2
         Staff             |       |       |       |    14 |       |     1 ||    15
         Pair of quick bla |       |       |       |    35 |    65 |       ||   100
         Unarmed           |       |       |       |    13 |       |       ||    13
   Cast: Foxfire           |    27 |     4 |     1 |     4 |       |       ||    36
         Scorch            |    10 |    68 |   123 |   267 |   500 |     5 ||   973
         Volatile Blastmot |       |       |    27 |    14 |     3 |       ||    44
         Flame Wave        |       |       |     3 |    18 |    47 |       ||    68
         Inner Flame       |       |       |       |     6 |    12 |       ||    18
         Summon Ice Beast  |       |       |       |     6 |     2 |       ||     8
         Shock             |       |       |       |     5 |       |       ||     5
         Blade Hands       |       |       |       |     2 |       |       ||     2
         Fireball          |       |       |       |       |   100 |    44 ||   144
         Conjure Ball Ligh |       |       |       |       |    10 |     1 ||    11
         Swiftness         |       |       |       |       |     1 |       ||     1
 Invoke: Draw Destruction  |       |       |       |       |     2 |     2 ||     4
    Use: Potion            |       |       |     4 |     3 |       |       ||     7
         Scroll            |       |       |     6 |    18 |     8 |       ||    32
   Stab: Sleeping          |     1 |       |       |       |       |       ||     1
 Armour: Robe              |       |     3 |     4 |       |       |       ||     7
         Leather armour    |       |       |     5 |    27 |    65 |       ||    97
  Dodge: Dodged            |     5 |    34 |    92 |   195 |   477 |     5 ||   808
